 Dungeon Crawl Stone Soup version 0.28-a0-823-gb444dcf96d (webtiles) character file.

Game seed: 6269000057635401263

13942 meatgazer the Envoy of Void (level 11, -2/90 HPs)
             Began as a Demonspawn Abyssal Knight on Nov 9, 2021.
             Was a High Priest of Lugonu.
             Slain by a minotaur (22 damage)
             ... in a Gauntlet.
             The game lasted 00:23:38 (12781 turns).

meatgazer the Envoy of Void (DsAK)                 Turns: 12781, Time: 00:23:39

Health: -2/90      AC: 23    Str: 18    XL:     11   Next: 82%
Magic:  0/20       EV: 12    Int: 12    God:    Lugonu [*****.]
Gold:   1013       SH:  0    Dex: 15    Spells: 10/10 levels left

rFire   . . .      SeeInvis .   d - +11 morningstar "Reatuy" {protect, Fly rPois rN+ Str+3}
rCold   . . .      Faith    .   (no shield)
rNeg    + . .      Spirit   +   b - +0 plate armour
rPois   +          Reflect  .   (no helmet)
rElec   .          Harm     .   r - +0 cloak
rCorr   .          Rampage  .   h - +0 pair of gloves
Will    .....      NoTele   +   (no boots)
Stlth   ..........              m - amulet of guardian spirit
HPRegen 0.25/turn               p - +4 ring of evasion
MPRegen 0.17/turn               (no ring)

@: under a protective aura, flying, studying Dodging
A: claws 2, thin metallic scales 2, condensation shield
a: Renounce Religion, Depart the Abyss, Bend Space, Banish, Corrupt, Enter the
Abyss


You were in a Gauntlet.
You worshipped Lugonu.
Lugonu was extremely pleased with you.
You visited 2 branches of the dungeon, and saw 13 of its levels.
You visited the Abyss 1 time.
You also visited: Sewer, Ossuary and Gauntlet.

You collected 1973 gold pieces.
You spent 960 gold pieces at shops.

Inventory:

Hand Weapons
 a - a +3 hand axe
 d - the +11 morningstar "Reatuy" (weapon) {protect, Fly rPois rN+ Str+3}
   (You found it on level 2 of the Abyss)

   It grants its wielder temporary protection when it strikes (+7 to AC).
   Str:       It affects your strength (+3).
   rPois:     It protects you from poison.
   rN:        It protects you from negative energy.
   Fly:       It grants you flight.
Armour
 b - a +0 plate armour (worn)
 h - a +0 pair of gloves (worn)
 k - a +1 crystal plate armour
 r - a +0 cloak (worn)
 F - a +2 cloak
Magical Staves
 i - a staff of air
Jewellery
 e - a ring of ice
 f - an amulet of regeneration
 l - a ring of ice
 m - an amulet of guardian spirit (around neck)
 p - a +4 ring of evasion (left hand)
 y - the amulet "Mimuufag" {RegenMP Fly}
   (You found it in a Gauntlet)

   [amulet of magic regeneration]

   It increases your rate of magic regeneration.
   Fly:       It grants you flight.
 A - a ring of fire
 C - an amulet of faith
 D - an amulet of magic regeneration
 E - a ring of poison resistance
Wands
 o - a wand of paralysis (14)
 x - a wand of acid (9)
 B - a wand of mindburst (19)
Scrolls
 g - 5 scrolls of teleportation
 n - 3 scrolls of fear
 v - a scroll of amnesia
 w - 6 scrolls of identify
Potions
 c - 4 potions of curing
 j - 2 potions of brilliance
 s - 4 potions of flight
 t - 2 potions of attraction
 u - a potion of invisibility
 z - a potion of resistance


   Skills:
 + Level 10.1 Fighting
 - Level 1.7(6.7) Axes
 + Level 10.2(10.3) Maces & Flails
 + Level 2.8 Armour
 + Level 10.1 Dodging
 + Level 12.6 Invocations


You had 10 spell levels left.
You didn't know any spells.
Your spell library contained the following spells:

 Spells                   Type           Power      Damage    Failure   Level
 Pain                     Necr           0%         1d4       100%        1
 Sublimation of Blood     Necr           0%         N/A       100%        2
 Petrify                  Tmut/Erth      0%         N/A       100%        4
 Agony                    Necr           0%         N/A       100%        5
 Excruciating Wounds      Necr           0%         N/A       100%        5
 Irradiate                Conj/Tmut      0%         3d14      100%        5


Dungeon Overview and Level Annotations

Branches:
Dungeon (10/15)            Temple (0/1) D:6            Lair (3/6) D:8
  Sewer (visited)         Ossuary (visited)         Gauntlet (1/1)
  Swamp: Lair:2-4    Shoals: Lair:2-4     Snake: Lair:2-4    Spider: Lair:2-4
    Orc: D:9-12

Altars:
Ashenzari
Cheibriados
Fedhas
Gozag
Kikubaaqudgha
Makhleb
Nemelex Xobeh
Ru
Trog
Uskayaw
Wu Jian
Yredelemnul

Shops:
D:1 ((   D:5 :

Annotations:
Abyss:1 Maurice Gauntlet 8 transporters, exclusions: oklob plant and orange crystal statue


Innate Abilities, Weirdness & Mutations

You have very sharp fingernails.
You are mostly covered in thin metallic scales. (AC +3)
A meltable shield of frost defends you. (SH +0)


Message History

The minotaur burns you.
The minotaur gores you but does no damage.
You feel much better.
The minotaur hits you with a staff of fire!
The minotaur burns you. The minotaur gores you!
* * * LOW HITPOINT WARNING * * *
You feel much better. The minotaur barely misses you.
The minotaur gores you but does no damage.
You feel much better. The minotaur barely misses you.
The minotaur closely misses you.
You completely miss the minotaur.
The minotaur furiously retaliates!
The minotaur headbutts you.
The minotaur is lightly wounded.
The minotaur hits you with a staff of fire.
The minotaur burns you. The minotaur gores you!
You puncture the minotaur!
Your weapon exudes an aura of protection.
The minotaur is moderately wounded.
The minotaur hits you but does no damage.
The minotaur burns you. The minotaur gores you.
You sock the minotaur!
The minotaur is heavily wounded.
The minotaur hits you with a staff of fire.
The minotaur burns you!
* * * LOW HITPOINT WARNING * * *
The minotaur gores you but does no damage.
Okay, then.
As you read the scroll of fear, it crumbles to dust.
You assume a fearsome visage.
The minotaur looks frightened!
Aiming: Mindburst
Press: ? - help, Shift-Dir - straight line, f - minotaur
Aim: a minotaur, wielding a staff of fire, wearing a +0 chain mail, wearing the ring of Mixerghubb {rC+ rN+ rCorr} and quivering javelins (heavily wounded, fleeing, chance to affect: 7%)
Your attack snaps the minotaur out of its fear.
The minotaur resists with almost no effort.
You don't have enough magic at the moment.
Okay, then.
You puncture the minotaur!
The minotaur is heavily wounded.
The minotaur hits you with a staff of fire!!
You die...

####### #≈≈≈≈≈#
≈≈∩≈≈ ... ###H###
#..@..#
#######'#######
#.............#
#.###.###.###.#
#.###.###.###
#............
###.###.###.#
#####.###.###.#####
#.................


You could see a minotaur.

Vanquished Creatures
  2 hydras
  Erica (D:7)
  A soul eater (Gauntlet)
  An obsidian statue (Gauntlet)
  Pikel (D:8)
  4 black mambas
  4 cane toads
  A rime drake (Lair:2)
  2 komodo dragons (Lair:2)
  A jumping spider (Lair:3)
  A hornet (D:9)
  A redback (Lair:3)
  2 wyverns
  Eustachio (D:6)
  8 yaks
  4 water moccasins
  Pargi (Sewer)
  2 ice beasts
  An orc warrior (D:8)
  5 black bears
  2 ogres
  2 centaurs (D:7)
  5 wolves (Lair:2)
  A phantom (D:5)
  A lemure (D:8)
  7 bullfrogs
  13 scorpions
  3 wights (D:8)
  8 howler monkeys
  2 jellies
  4 hounds
  A centaur skeleton (D:5)
  3 centaur zombies (Ossuary)
  3 orc priests
  A bullfrog skeleton (D:5)
  A gnoll shaman (D:5)
  5 scorpion zombies (Ossuary)
  5 iguanas
  3 orc wizards
  A killer bee zombie (D:7)
  A hound skeleton (D:5)
  4 mummies
  2 howler monkey zombies
  24 gnolls
  7 adders
  3 shadow imps (Gauntlet)
  4 white imps
  A worm (D:4)
  28 orcs
  11 ball pythons
  6 bats
  6 endoplasms
  A gnoll zombie (Ossuary)
  7 goblins
  5 hobgoblins
  11 jackals
  14 kobolds
  5 quokkas
  A frilled lizard (D:1)
  A goblin zombie (Ossuary)
  5 hobgoblin zombies (Ossuary)
  A kobold zombie (Ossuary)
  6 orc zombies (Ossuary)
  3 rats
272 creatures vanquished.

Vanquished Creatures (others)
  7 fungi
  10 plants
17 creatures vanquished.

Grand Total: 289 creatures vanquished

Notes
Turn   | Place    | Note
-------+----------+-------------------------------------------
     0 | Abyss:1  | meatgazer the Demonspawn Abyssal Knight began the quest for
                  | the Orb.
     0 | Abyss:1  | Reached XP level 1. HP: 18/18 MP: 2/2
    24 | Abyss:2  | Found a corrupted altar of Lugonu.
    27 | Abyss:2  | Identified the +11 morningstar "Reatuy" {protect, Fly rPois
                  | rN+ Str+3}
    35 | Abyss:2  | Noticed a polar bear
    35 | Abyss:2  | a shapeshifter changed into a polar bear
    36 | D:1      | Escaped the Abyss
   103 | D:1      | Reached * piety under Lugonu
   135 | D:1      | Found Plog's Antique Weapon Emporium.
   240 | D:1      | Reached skill level 1 in Maces & Flails
   240 | D:1      | Gained mutation: You are partially covered in thin metallic
                  | scales. (AC +2) [demonic ancestry]
   240 | D:1      | Reached XP level 2. HP: 19/24 MP: 4/4
   411 | D:1      | Found a faded altar of an unknown god.
   443 | D:1      | Found Maetuet's Weapon Boutique.
   808 | D:2      | Reached skill level 3 in Invocations
   869 | D:2      | Reached XP level 3. HP: 21/29 MP: 5/5
  1862 | D:3      | Found a broken altar of Ashenzari.
  1862 | D:3      | Found a hide-covered altar of Uskayaw.
  1862 | D:3      | Found a burning altar of Makhleb.
  1862 | D:3      | Found a basalt altar of Yredelemnul.
  1868 | D:3      | Reached ** piety under Lugonu
  1869 | D:3      | Reached XP level 4. HP: 34/36 MP: 6/6
  2512 | D:4      | Found a glowing drain.
  2528 | Sewer    | Entered a sewer
  2588 | Sewer    | Noticed Pargi
  2593 | Sewer    | Killed Pargi
  2594 | Sewer    | Reached skill level 4 in Invocations
  2594 | Sewer    | Reached XP level 5. HP: 40/42 MP: 6/8
  3077 | D:4      | Found a sand-covered staircase.
  3085 | Ossuary  | Entered an ossuary
  3100 | Ossuary  | Gained mutation: A meltable shield of frost defends you.
                  | (SH +0) [demonic ancestry]
  3100 | Ossuary  | Reached XP level 6. HP: 45/48 MP: 9/9
  3150 | Ossuary  | Reached skill level 5 in Invocations
  3179 | Ossuary  | Reached XP level 7. HP: 55/55 MP: 9/11
  3206 | Ossuary  | Reached *** piety under Lugonu
  3234 | Ossuary  | Reached skill level 5 in Maces & Flails
  3261 | Ossuary  | Reached skill level 5 in Fighting
  3266 | Ossuary  | Reached skill level 6 in Invocations
  3381 | Ossuary  | Gained mutation: You have sharp fingernails. [demonic
                  | ancestry]
  3381 | Ossuary  | Reached XP level 8. HP: 63/63 MP: 12/12
  3583 | D:4      | Found an opulent altar of Gozag.
  3605 | D:4      | Found a blossoming altar of Fedhas.
  4489 | D:4      | Found an ancient bone altar of Kikubaaqudgha.
  4559 | D:5      | Entered Level 5 of the Dungeon
  4559 | D:5      | Found Pughis's Book Boutique.
  4565 | D:5      | Reached skill level 7 in Invocations
  4641 | D:5      | Found a snail-covered altar of Cheibriados.
  4987 | D:5      | Identified a scroll of acquirement
  4987 | D:5      | Acquired 1120 gold pieces
  5176 | D:5      | Bought a manual of Dodging for 960 gold pieces
  5188 | D:5      | Reached skill level 1 in Dodging
  5189 | D:5      | Reached **** piety under Lugonu
  5403 | D:5      | Reached skill level 8 in Invocations
  5410 | D:5      | Reached XP level 9. HP: 56/71 MP: 10/15
  6197 | D:6      | Found a staircase to the Ecumenical Temple.
  6410 | D:6      | Noticed Eustachio
  6425 | D:6      | Killed Eustachio
  6692 | D:7      | Reached skill level 9 in Invocations
  6735 | D:7      | Reached ***** piety under Lugonu
  7166 | D:7      | Found a sacrificial altar of Ru.
  7372 | D:8      | Reached skill level 5 in Dodging
  7372 | D:8      | Noticed Erica
  7397 | D:7      | Killed Erica
  7398 | D:7      | Gained mutation: You are mostly covered in thin metallic
                  | scales. (AC +3) [demonic ancestry]
  7398 | D:7      | Reached XP level 10. HP: 38/80 MP: 8/17
  7617 | D:8      | Noticed Pikel
  7629 | D:8      | Killed Pikel
  7630 | D:8      | Reached skill level 10 in Invocations
  7691 | D:8      | Found a bloodstained altar of Trog.
  7728 | D:8      | Noticed Maurice
  7742 | D:8      | Paralysed by something for 3 turns
  7745 | D:8      | Banished Maurice
  7886 | D:8      | Found a sparkling altar of Nemelex Xobeh.
  7942 | D:8      | You are sucked into a shaft and drop 2 floors!
  7942 | D:10     | Entered Level 10 of the Dungeon
  7994 | D:9      | Identified the +1 war axe "Toreimym" {vorpal, rF+ rN+
                  | Str-5}
  8107 | D:8      | Found a staircase to the Lair.
  8619 | D:8      | Found an ornate altar of the Wu Jian Council.
  9108 | Lair:1   | Entered Level 1 of the Lair of Beasts
  9108 | Lair:1   | Noticed a five-headed hydra
  9113 | Lair:1   | Reached skill level 11 in Invocations
  9120 | Lair:1   | Killed a five-headed hydra
  9180 | Lair:1   | Noticed a cane toad
  9187 | Lair:1   | Killed a cane toad
  9334 | Lair:1   | Noticed a cane toad
  9341 | Lair:1   | Killed a cane toad
  9342 | Lair:1   | Gained mutation: You have very sharp fingernails. [demonic
                  | ancestry]
  9342 | Lair:1   | Reached XP level 11. HP: 76/89 MP: 15/19
 10555 | Lair:2   | Reached skill level 12 in Invocations
 10603 | Lair:2   | Noticed a five-headed hydra
 10610 | Lair:2   | Killed a five-headed hydra
 10838 | Lair:2   | Reached skill level 10 in Maces & Flails
 11580 | Lair:3   | Found a gate leading to a gauntlet.
 11593 | Lair:3   | Reached skill level 10 in Fighting
 11605 | Gauntlet | Entered a Gauntlet
 11605 | Gauntlet | Found a transporter.
 11901 | Gauntlet | Found a transporter.
 11901 | Gauntlet | Found a transporter.
 11906 | Gauntlet | Noticed a soul eater
 11912 | Gauntlet | Found a transporter.
 11915 | Gauntlet | Found a transporter.
 11924 | Gauntlet | Found a transporter.
 11924 | Gauntlet | Noticed an obsidian statue
 11945 | Gauntlet | Found a transporter.
 11948 | Gauntlet | Noticed a reaper
 11956 | Gauntlet | Found a transporter.
 11964 | Gauntlet | Noticed a red ugly thing
 11965 | Gauntlet | Noticed a red ugly thing
 11966 | Gauntlet | Noticed a great orb of eyes
 11967 | Gauntlet | Found a transporter.
 11989 | Gauntlet | Found a transporter.
 11990 | Gauntlet | Found a transporter.
 12001 | Gauntlet | Found a transporter.
 12009 | Gauntlet | Noticed an oklob plant
 12047 | Gauntlet | Noticed an orange crystal statue
 12049 | Gauntlet | Found a transporter.
 12263 | Gauntlet | Found a transporter.
 12290 | Gauntlet | Killed a soul eater
 12291 | Gauntlet | Reached skill level 10 in Dodging
 12427 | Gauntlet | Noticed a soul eater
 12445 | Gauntlet | Killed an obsidian statue
 12750 | Gauntlet | Identified the amulet "Mimuufag" {RegenMP Fly}
 12766 | Gauntlet | Identified the ring of Mixerghubb {rC+ rN+ rCorr}
 12766 | Gauntlet | Noticed a minotaur
 12781 | Gauntlet | Slain by a minotaur

Illustrated notes

Levels and vault maps discovered:
D:1:      dpeg_arrival_boxorama, layout_rooms, serial_shops, nicolae_shop_stone,
          nicolae_diamond_shop, shapermc_ecumenical_altar_venn,
          minmay_pentomino_z2
D:2:      layout_basic, chequers_serial_rivers_small_a
D:3:      layout_loops_cross, chequers_temple_overflow_statue_of_worship
D:4:      layout_loops_corners, kennysheep_mini, fedhas_ov_isle_minmay,
          nicolae_gozag_cash_rules_everything_around_me,
          gup_ossuary_entry_pyramid, cheibrodos_sewer_entry_sluice
D:5:      lemuel_castle_with_subvaults [lemuel_castle_interior_original],
          layout_rooms, mainiacjoe_overflow_concentric_impassable, serial_shops,
          nicolae_stop_n_shop_2, chequers_serial_rivers_small_3,
          kennysheep_opposing_triangles
D:6:      layout_basic, minmay_temple_entry_trees, uniq_eustachio
D:7:      layout_loops_cross, mainiacjoe_overflow_six_doors_small
D:8:      layout_basic, nemelex_spade_bored_becter, amcnicky_altar_gilded,
          lemuel_tele_altar, grunt_lair_entry_orc_guard_hut, uniq_pikel,
          uniq_maurice, uniq_erica
D:9:      layout_loops_ring, orc_0_dummy, uniq_joseph
D:10:     layout_long_grid
Lair:1:   layout_misc_corridors, chequers_serial_rivers_small_3,
          infiniplex_staircase_pool, lemuel_fruit_fields
Lair:2:   layout_loops_ring, serial_bayou_shore_a
Lair:3:   layout_misc_corridors, nicolae_spider_entry_tight_spaces,
          gauntlet_entry_generic, chequers_serial_rivers_micro_b
Gauntlet: minmay_gauntlet_77_tree [minmay_gauntlet_arena_77_double_cross,
          minmay_gauntlet_arena_77_radiant_squares,
          minmay_gauntlet_arena_77_broken_ladder,
          minmay_gauntlet_arena_77_tiled_triplets,
          minmay_gauntlet_arena_77_two_lines,
          minmay_gauntlet_arena_77_hold_the_fort,
          minmay_gauntlet_arena_77_terracotta_army, gauntlet_exit_watery]

Skill      XL: |  1  2  3  4  5  6  7  8  9 10 11 |
---------------+----------------------------------+-----
Maces & Flails | 1 2 3 4 5 7 8 9 10 | 10.2
Invocations    | 3 4 5 6 8 9 11 12 | 12.6
Fighting       | 4 5 6 7 9 10 | 10.1
Dodging        | 2 5 8 10 | 10.1
Armour         | 2 |  2.8
Axes           | |  1.7

Action                   |  1- 3 |  4- 6 |  7- 9 | 10-12 || total
-------------------------+-------+-------+-------+-------++-------
Melee: Morningstar       |    70 |    65 |   288 |   269 ||   692
Invok: Depart the Abyss  |     1 |       |       |       ||     1
       Banish            |       |       |       |     2 ||     2
Evoke: Wand              |       |       |       |     1 ||     1
  Use: Scroll            |     5 |     3 |     8 |     7 ||    23
       Potion            |       |       |    12 |     5 ||    17
 Stab: Sleeping          |     2 |     3 |     1 |       ||     6
Armor: Leather armour    |    20 |    26 |    88 |    19 ||   153
       Crystal plate arm |       |       |       |    44 ||    44
       Plate armour      |       |       |       |   129 ||   129
Dodge: Dodged            |    43 |    46 |   231 |   216 ||   536
Block: Other             |       |     3 |    52 |    75 ||   130

Table legend: (Time is in decaauts)
 A = Elapsed time spent in this place.
 B = Non-inter-level travel time spent in this place.
 C = Inter-level travel time spent in this place.
 D = Time resting spent in this place.
 E = Time spent auto-exploring this place.
 F = Levels seen in this place.
 G = Mean time per level.
                   A        B        C        D        E       F      G
               +--------+--------+--------+--------+--------+-----+--------+
         Total |  12907 |  12460 |    447 |   3338 |   7140 |  18 |  717.1 |
       Dungeon |   8625 |   8239 |    386 |   1623 |   5320 |  10 |  862.5 |
          Lair |   2498 |   2438 |     60 |    859 |   1322 |   3 |  832.7 |
         Abyss |     35 |     35 |      0 |      0 |     14 |   2 |   17.5 |
         Sewer |    154 |    154 |      0 |      0 |    108 |   1 |  154.0 |
       Ossuary |    419 |    419 |      0 |      0 |    225 |   1 |  419.0 |
      Gauntlet |   1175 |   1175 |      0 |    856 |    151 |   1 | 1175.0 |
               +--------+--------+--------+--------+--------+-----+--------+

Top non-repeatable levels by time:
     D:4: 1715 daAuts
     D:8: 1458 daAuts
  Lair:2: 1298 daAuts
     D:5: 1265 daAuts
Gauntlet: 1175 daAuts
  Lair:1: 1029 daAuts
     D:7: 1009 daAuts
     D:3: 861 daAuts
     D:2: 839 daAuts
     D:1: 729 daAuts
     D:6: 628 daAuts
 Ossuary: 419 daAuts
  Lair:3: 170 daAuts
   Sewer: 154 daAuts
     D:9: 97 daAuts
